 Seeded DCSS version 0.29-a0-520-gc852659d43 (webtiles) character file.

Game seed: 9552341793505258686 (custom seed)

654 zeratav the Digger (level 7, -1/41 HPs)
             Began as an Octopode Earth Elementalist on May 31, 2022.
             Killed by nerve-wracking pain
             ... invoked by Menkaure
              (4 damage)
             ... on level 5 of the Dungeon.
             The game lasted 00:04:14 (4238 turns).

zeratav the Digger (Octopode Earth Elementalist)    Turns: 4238, Time: 00:04:15

Health: -1/41      AC:  1    Str:  8    XL:     7   Next: 54%
Magic:  5/13       EV: 13    Int: 19    God:
Gold:   276        SH:  0    Dex: 12    Spells: 11/15 levels left

rFire   . . .      SeeInvis .   l - +2 dagger (protect) {short}
rCold   . . .      Faith    .   (no shield)
rNeg    . . .      Spirit   .   (helmet restricted)
rPois   .          Reflect  .   (no amulet)
rElec   .          Harm     .   n - ring of wizardry
rCorr   .          Rampage  .   r - ring of willpower
Will    +....                   (no ring)
Stlth   +++.......              (no ring)
HPRegen 0.13/turn               (no ring)
MPRegen 0.13/turn               (no ring)
                                (no ring)
                                (no ring)

@: no status effects
A: almost no armour, amphibious, 8 rings, camouflage 1, gelatinous body 1,
(nimble swimmer 1), tentacles
a: no special abilities


You were on level 5 of the Dungeon.
You visited 1 branch of the dungeon, and saw 5 of its levels.

You collected 276 gold pieces.


Innate Abilities, Weirdness & Mutations

You cannot wear most types of armour.
You are amphibious.
You can wear up to eight rings at the same time.
Your skin changes colour to match your surroundings (Stealth+).
Your rubbery body absorbs attacks. (AC +1, EV +1)
((You are camouflaged when in or above water. (Stealth+)))
You have tentacles for arms and can constrict up to eight enemies at once.


   Skills:
 - Level 2.0 Dodging
 - Level 2.6 Stealth
 + Level 4.5 Spellcasting
 - Level 1.0 Transmutations
 * Level 7.2 Earth Magic


You had 11 spell levels left.
You knew the following spells:

 Your Spells              Type           Power      Damage    Failure   Level
a - Sandblast             Erth           62%        2d14      1%          1
b - Stone Arrow           Conj/Erth      36%        3d9       3%          3

Your spell library contained the following spells:

 Spells                   Type           Power      Damage    Failure   Level
 Passwall                 Tmut/Erth      15%        N/A       1%          2
 Petrify                  Tmut/Erth      19%        N/A       10%         4
 Iskenderun's Battlesphe  Conj           4%         2d6       78%         5
 Iron Shot                Conj/Erth      9%         9d3       85%         6
 Spellforged Servitor     Conj/Summ      2%         N/A       100%        7

Inventory:

Hand Weapons
 l - a +2 dagger of protection (weapon) {short}
   (You took it off a kobold on level 2 of the Dungeon)
Missiles
 a - 132 stones {throwing}
Jewellery
 n - a ring of wizardry (left tentacle)
   (You found it on level 3 of the Dungeon)
 r - a ring of willpower (right tentacle)
   (You found it on level 4 of the Dungeon)
 t - an amulet of reflection
   (You found it on level 4 of the Dungeon)
Wands
 p - a wand of iceblast (7)
   (You found it on level 3 of the Dungeon)
Scrolls
 c - 2 scrolls of amnesia {unknown}
 e - 2 scrolls of teleportation {unknown}
 h - a scroll of immolation {unknown}
 j - a scroll of fear {unknown}
 k - 2 scrolls of fog {unknown}
 m - 3 scrolls of vulnerability {unknown}
 o - 4 scrolls of identify {unknown}
 s - a scroll of enchant weapon {unknown}
 v - a scroll of poison {unknown}
Potions
 b - a potion of magic
 d - 2 potions of heal wounds {unknown}
 f - a potion of berserk rage {unknown}
 g - 2 potions of flight {unknown}
 i - 3 potions of curing {unknown}
 q - 2 potions of brilliance {unknown}
 u - a potion of might {unknown}

Dungeon Overview and Level Annotations

Branches:
Dungeon (5/15)
 Temple: D:4-7

Altars:
Qazlal
Trog
Uskayaw
Vehumet
Xom
Yredelemnul
The Shining One

Annotations:
D:5 Menkaure

......... #.....#
##..#.####
#.....###...#.###.
#...........#.....
#......##..#...###
#.....#...........
#M...........>....
#........#......#.
#@.........####...
#''####h†.?...####
##.. #.............#
.. ##............##
..
#....†.......†####.
..
.....................
.>
####........#..##...#
.. .......#####.# .##
###.##.## ## #


You could see Menkaure (fast) and a hound.


Message History

A hound comes into view.
You barely miss the ogre.
The hound barks!
You squeeze the ogre.
The hound stops to sniff the ground.
You hit the ogre but do no damage. You squeeze the ogre.
The ogre closely misses you.
Menkaure, Prince of Dust comes into view.
Casting: Sandblast (safe; 1% risk of failure)
Confirm with . or Enter, or press ? or * to list all spells.
Aiming: Sandblast (safe; 1% risk of failure)
Press: ? - help, Shift-Dir - straight line, f - ogre
Aim: an ogre, wielding a +0 giant club (lightly wounded, 91% to hit)
The blast of sand misses the ogre.
The ogre hits you with a +0 giant club!!
Ouch! That really hurt!
* * * LOW HITPOINT WARNING * * *
HP[-22] MP[-1]
You take 22 damage, and now have 14/41 hp.
MASSIVE DAMAGE!! (PAUSE)
You lost 1 mp, and now have 12/13 mp.
Casting: Sandblast (safe; 1% risk of failure)
Confirm with . or Enter, or press ? or * to list all spells.
Aiming: Sandblast (safe; 1% risk of failure)
Press: ? - help, Shift-Dir - straight line, f/p - ogre
Aim: an ogre, wielding a +0 giant club (lightly wounded, 91% to hit)
The blast of sand hits the ogre!!
You kill the ogre!
Your Earth Magic skill increases to level 7!
HP[+1] MP[-1]
You lost 1 mp, and now have 11/13 mp.
Casting: Sandblast (safe; 1% risk of failure)
Confirm with . or Enter, or press ? or * to list all spells.
Aiming: Sandblast (safe; 1% risk of failure)
Press: ? - help, Shift-Dir - straight line, f - necrophage
Aim: a necrophage (82% to hit)
The blast of sand hits the necrophage!
The hound bites you but does no damage. The necrophage barely misses you.
MP[-1]
You lost 1 mp, and now have 10/13 mp.
Casting: Sandblast (safe; 1% risk of failure)
Confirm with . or Enter, or press ? or * to list all spells.
Aiming: Sandblast (safe; 1% risk of failure)
Press: ? - help, Shift-Dir - straight line, f/p - necrophage
Aim: a necrophage (moderately damaged, 82% to hit)
The blast of sand hits the necrophage!!
You destroy the necrophage!
The hound closely misses you. x2
MP[-1]
You lost 1 mp, and now have 9/13 mp.
Casting: Sandblast (safe; 1% risk of failure)
Confirm with . or Enter, or press ? or * to list all spells.
Aiming: Sandblast (safe; 1% risk of failure)
Press: ? - help, Shift-Dir - straight line, f - hound
Aim: a hound (75% to hit)
The blast of sand hits the hound.
The hound barely misses you.
MP[-1]
You lost 1 mp, and now have 8/13 mp.
Casting: Sandblast (safe; 1% risk of failure)
Confirm with . or Enter, or press ? or * to list all spells.
Aiming: Sandblast (safe; 1% risk of failure)
Press: ? - help, Shift-Dir - straight line, f/p - hound
Aim: a hound (lightly wounded, 75% to hit)
The blast of sand misses the hound.
The hound closely misses you. The hound bites you.
* * * LOW HITPOINT WARNING * * *
HP[-4] MP[-1]
You take 4 damage, and now have 11/41 hp.
You lost 1 mp, and now have 7/13 mp.
Casting: Sandblast (safe; 1% risk of failure)
Confirm with . or Enter, or press ? or * to list all spells.
Aiming: Sandblast (safe; 1% risk of failure)
Press: ? - help, Shift-Dir - straight line, f/p - hound
Aim: a hound (lightly wounded, 75% to hit)
The blast of sand misses the hound.
Menkaure mumbles some strange words.
Menkaure seems to speed up.
The hound bites you.
* * * LOW HITPOINT WARNING * * *
HP[-5] MP[-1]
You take 5 damage, and now have 6/41 hp.
You lost 1 mp, and now have 6/13 mp.
Casting: Sandblast (safe; 1% risk of failure)
Confirm with . or Enter, or press ? or * to list all spells.
Aiming: Sandblast (safe; 1% risk of failure)
Press: ? - help, Shift-Dir - straight line, f/p - hound
Aim: a hound (lightly wounded, 75% to hit)
The blast of sand hits the hound.
The hound bites you.
* * * LOW HITPOINT WARNING * * *
The hound misses you.
HP[-4]
You take 4 damage, and now have 2/41 hp.
Casting: Sandblast (safe; 1% risk of failure)
Confirm with . or Enter, or press ? or * to list all spells.
Aiming: Sandblast (safe; 1% risk of failure)
Press: ? - help, Shift-Dir - straight line, f/p - hound
Aim: a hound (moderately wounded, 75% to hit)
The blast of sand hits the hound.
Menkaure casts a spell at you. Pain shoots through your body!
You die...

Skill      XL: |  1  2  3  4  5  6  7 |
---------------+----------------------+-----
Spellcasting   | 3 4 |  4.5
Earth Magic    | 5 6 7 |  7.2
Dodging        | |  2.0
Stealth        | |  2.6
Transmutations | |  1.0

Action                   |  1- 3 |  4- 6 |  7- 9 || total
-------------------------+-------+-------+-------++-------
Melee: Short sword       |    52 |     2 |       ||    54
       Constrict         |    13 |    25 |     2 ||    40
       Tentacles         |    10 |    24 |     5 ||    39
       Dagger            |       |   100 |     9 ||   109
       Punch             |       |     5 |       ||     5
 Cast: Sandblast         |     7 |     3 |     9 ||    19
 Stab: Sleeping          |    10 |    11 |       ||    21
Armor: Skin              |     4 |    29 |     3 ||    36
Dodge: Dodged            |    25 |    65 |    11 ||   101

Levels and vault maps discovered:
D:1:      co_arrival_random_square_maze, layout_loops_ring, chequers_big_river
D:2:      layout_loops_cross, uniq_sigmund, uniq_jessica
D:3:      layout_basic, grunt_temple_overflow_open,
          ebering_ecumenical_altar_mist, chequers_serial_rivers_large_b,
          lexackson_kobold_supper
D:4:      layout_basic
D:5:      layout_rooms, mainiacjoe_overflow_alcove_1,
          nicolae_wu_jian_wuxing_cycle, serial_aquarium, aquarium_bridge_square
          [aquarium_subvault_window, aquarium_subvault_wall,
          aquarium_subvault_bridge, aquarium_subvault_wall],
          aquarium_window_fake, aquarium_window_corner, aquarium_view_2c,
          aquarium_view_2e, aquarium_pool_five, grunt_ministairs_9,
          minmay_shop_mass, minmay_misc_feat_room, kennysheep_generic_room_4,
          uniq_menkaure

Notes
Turn   | Place    | Note
-------+----------+-------------------------------------------
     0 | D:1      | zeratav the Octopode Earth Elementalist began the quest for
                  | the Orb.
     0 | D:1      | Reached XP level 1. HP: 11/11 MP: 3/3
     0 | D:1      | magus.rc [v1.9.6]
   323 | D:1      | Reached XP level 2. HP: 17/17 MP: 5/5
   858 | D:1      | Reached XP level 3. HP: 21/21 MP: 6/6
  1309 | D:2      | Noticed Sigmund
  1322 | D:2      | Learned a level 3 spell: Stone Arrow
  1335 | D:2      | HP: 5/21 [Sigmund/+0 scythe (3)]
  1336 | D:2      | HP: 1/21 [Sigmund/+0 scythe (4)]
  1338 | D:2      | Killed Sigmund
  1339 | D:2      | Reached skill level 3 in Spellcasting
  1339 | D:2      | Reached skill level 5 in Earth Magic
  1339 | D:2      | Reached XP level 4. HP: 2/27 MP: 0/9
  1339 | D:2      | Reached XP level 5. HP: 2/31 MP: 0/10
  1842 | D:2      | Noticed Jessica
  1847 | D:2      | Killed Jessica
  1849 | D:2      | Reached XP level 6. HP: 36/36 MP: 11/11
  2121 | D:3      | Found a bloodstained altar of Trog.
  2122 | D:3      | Found a hide-covered altar of Uskayaw.
  2125 | D:3      | Found a glowing golden altar of the Shining One.
  2129 | D:3      | Found a stormy altar of Qazlal.
  2134 | D:3      | Found a basalt altar of Yredelemnul.
  2134 | D:3      | Found a radiant altar of Vehumet.
  2135 | D:3      | Found a shimmering altar of Xom.
  2361 | D:3      | Found a faded altar of an unknown god.
  3228 | D:4      | Reached skill level 6 in Earth Magic
  3376 | D:4      | HP: 9/36 [iguana (1)]
  3377 | D:4      | HP: 3/36 [iguana (6)]
  3749 | D:4      | You pick up a book of Power and begin reading...
  3749 | D:4      | You add the spells Iskenderun's Battlesphere, Iron Shot and
                  | Spellforged Servitor to your library.
  3989 | D:5      | Entered Level 5 of the Dungeon
  3994 | D:5      | Reached skill level 4 in Spellcasting
  4192 | D:5      | Reached XP level 7. HP: 34/41 MP: 13/13
  4229 | D:5      | Noticed Menkaure
  4232 | D:5      | Reached skill level 7 in Earth Magic
  4236 | D:5      | HP: 6/41 [hound (5)]
  4237 | D:5      | HP: 2/41 [hound (4)]
  4238 | D:5      | Killed from afar by Menkaure

Vanquished Creatures
  Sigmund (D:2)
  An ogre (D:5)
  A necrophage (D:5)
  2 howler monkeys (D:5)
  2 hounds
  Jessica (D:2)
  3 iguanas
  An orc wizard (D:3)
  An adder (D:5)
  2 ufetubi
  5 dart slugs
  5 orcs
  4 ball pythons
  5 endoplasms
  2 giant cockroaches (D:1)
  A goblin (D:4)
  5 hobgoblins
  2 jackals (D:1)
  3 quokkas
  3 bats
  6 frilled lizards
  11 kobolds
  7 rats
74 creatures vanquished.

Vanquished Creatures (others)
  4 fungi (D:5)
  8 plants
12 creatures vanquished.

Grand Total: 86 creatures vanquished

Table legend:
 A = Non-vault XP
 B = Vault XP
 C = Vault XP percentage of total XP
 D = Non-vault monster count
 E = Vault monster count
 F = Vault count percentage of total count
                 A         B        C        D         E       F
            +---------+---------+-------+---------+---------+-------
      Total |     542 |     393 |  42.0 |      63 |      11 |  14.9
            +---------+---------+-------+---------+---------+-------
        D:1 |      38 |       0 |   0.0 |      20 |       0 |   0.0
        D:2 |      15 |     268 |  94.7 |       9 |       2 |  18.2
        D:3 |      68 |      12 |  15.0 |      17 |       8 |  32.0
        D:4 |      99 |       0 |   0.0 |       9 |       0 |   0.0
        D:5 |     322 |     113 |  26.0 |       8 |       1 |  11.1
            +---------+---------+-------+---------+---------+-------

Illustrated notes

Table legend:
 A = Kills in this place as a percentage of kills in entire the game.
 B = Kills by you in this place as a percentage of kills by you in the entire game.
 C = Kills by friends in this place as a percentage of kills by friends in the entire game.
 D = Other kills in this place as a percentage of other kills in the entire game.
 E = Experience gained in this place as a percentage of experience gained in the entire game.
 F = Experience gained in this place divided by the number of levels of this place that you have seen.
                   A       B       C       D       E      F
               +-------+-------+-------+-------+-------+----------------------
         Total | 100.0 | 100.0 |   N/A |   N/A | 100.0 | 187.0
       Dungeon | 100.0 | 100.0 |   N/A |   N/A | 100.0 | 187.0
               +-------+-------+-------+-------+-------+----------------------

Table legend: (Time is in decaauts)
 A = Elapsed time spent in this place.
 B = Non-inter-level travel time spent in this place.
 C = Inter-level travel time spent in this place.
 D = Time resting spent in this place.
 E = Time spent auto-exploring this place.
 F = Levels seen in this place.
 G = Mean time per level.
                   A        B        C        D        E       F      G
               +--------+--------+--------+--------+--------+-----+--------+
         Total |   4240 |   4123 |    117 |    266 |   3348 |   5 |  848.0 |
       Dungeon |   4240 |   4123 |    117 |    266 |   3348 |   5 |  848.0 |
               +--------+--------+--------+--------+--------+-----+--------+

Top non-repeatable levels by time:
     D:3: 1098 daAuts
     D:2: 966 daAuts
     D:4: 964 daAuts
     D:1: 963 daAuts
     D:5: 248 daAuts
